PUBA
KNOXVILLE SMOKIES @ TRUCKEE SCRAPPYS
05/27/1972
 
TOP OF THE 1ST
Knoxville Smokies batting - Pitching for Truckee Scrappys : LHP Ron Gardner
Pitching: LHP Ron Gardner
Batting: RHB Anastasio Lona 0-0: Foul Ball, location: 3DF
0-1: Ball
1-1: Ball
2-1: SINGLE (Line Drive, 34D, EV 95.0 MPH)
Batting: RHB Felipe Garza 0-0: Bunted foul
0-1: Sac Bunt to 5S - play at first, batter OUT! 5-3
Anastasio Lona to second
Batting: LHB Tony Muser 0-0: Called Strike
0-1: Called Strike
0-2: Fly out, F2 (Popup, 15S, EV 83.8 MPH)
Batting: SHB John Bryant 0-0: Ball
Passed Ball!
Anastasio Lona to third
1-0: Ball
Wild Pitch!
Anastasio Lona scores
2-0: Ball
3-0: Base on Balls
Batting: LHB Angus Canavan 0-0: Ball
1-0: Ball
2-0: Ball
3-0: Called Strike
3-1: Called Strike
3-2: Foul Ball, location: 3F
3-2: Ground out 4-3 (Groundball, 4S, EV 89.4 MPH)
Top of the 1st over - 1 run, 1 hit, 0 errors, 1 left on base; Knoxville 1 - Truckee 0
BOTTOM OF THE 1ST
Truckee Scrappys batting - Pitching for Knoxville Smokies : RHP Billy Burton
Pitching: RHP Billy Burton
Batting: SHB Theron Jones 0-0: Ball
1-0: Fly out, F7 (Flyball, 78S, EV 87.5 MPH)
Batting: LHB Vincente Rodríguez 0-0: Ball
1-0: Called Strike
1-1: Ball
2-1: Swinging Strike
2-2: Strikes out swinging
Batting: LHB Bryant Stanford 0-0: Ball
1-0: Foul Ball, location: 9LSF
1-1: Called Strike
1-2: SINGLE (Line Drive, 8RS, EV 92.5 MPH)
Batting: RHB Lee Sharp 0-0: Ball
1-0: Ball
Bryant Stanford steals 2nd base
2-0: Ground out 4-3 (Groundball, 4, EV 85.6 MPH)
Bottom of the 1st over - 0 runs, 1 hit, 0 errors, 1 left on base; Knoxville 1 - Truckee 0
TOP OF THE 2ND
Knoxville Smokies batting - Pitching for Truckee Scrappys : LHP Ron Gardner
Batting: RHB Ken Carey 0-0: Called Strike
0-1: Called Strike
0-2: Foul Ball, location: 9LMF
0-2: Strikes out swinging
Batting: RHB Dick Breakspear 0-0: Ball
1-0: Ball
2-0: Fly out, F8 (Flyball, 8LM, EV 98.1 MPH)
Batting: RHB Andy Scrivener 0-0: Ball
1-0: Swinging Strike
1-1: Ball
2-1: Foul Ball, location: 5F
2-2: Foul Ball, location: 7LMF
2-2: Fly out, F9 (Flyball, 9LM, EV 90.6 MPH)
Top of the 2nd over - 0 runs, 0 hits, 0 errors, 0 left on base; Knoxville 1 - Truckee 0
BOTTOM OF THE 2ND
Truckee Scrappys batting - Pitching for Knoxville Smokies : RHP Billy Burton
Batting: SHB António Fernández 0-0: Ball
1-0: Foul Ball, location: 2F
1-1: Ball
2-1: Ball
3-1: Ground out 4-3 (Groundball, 4, EV 103.8 MPH)
Batting: RHB Pete Moore 0-0: Called Strike
0-1: Swinging Strike
0-2: Ball
1-2: Ball
2-2: Strikes out swinging
Batting: LHB Johnny Grubb 0-0: Foul Ball, location: 9LSF
0-1: Called Strike
0-2: Strikes out swinging
Bottom of the 2nd over - 0 runs, 0 hits, 0 errors, 0 left on base; Knoxville 1 - Truckee 0
TOP OF THE 3RD
Knoxville Smokies batting - Pitching for Truckee Scrappys : LHP Ron Gardner
Batting: RHB Cecil Olsen 0-0: Ball
1-0: Foul Ball, location: 25F
1-1: Ball
2-1: Swinging Strike
2-2: Strikes out swinging
Batting: RHB Anastasio Lona 0-0: Ball
1-0: Called Strike
1-1: Ground out 6-3 (Groundball, 6M, EV 91.9 MPH)
Batting: RHB Felipe Garza 0-0: Ball
1-0: Swinging Strike
1-1: Fly out, F8 (Flyball, 8LD, EV 86.3 MPH)
Top of the 3rd over - 0 runs, 0 hits, 0 errors, 0 left on base; Knoxville 1 - Truckee 0
BOTTOM OF THE 3RD
Truckee Scrappys batting - Pitching for Knoxville Smokies : RHP Billy Burton
Batting: LHB Evan Miller 0-0: SINGLE (Groundball, P, EV 87.5 MPH)
Batting: LHB Sumitomo Okazaki 0-0: Sac Bunt to 25 - play at first, batter OUT! 5-3
Evan Miller to second
Batting: SHB Theron Jones 0-0: Ball
1-0: Ball
2-0: Swinging Strike
2-1: Foul Ball, location: 3FF
2-2: Fly out, F2 (Popup, 2L, EV 96.9 MPH)
Batting: LHB Vincente Rodríguez 0-0: Ground out U3 (Groundball, 3S, EV 90.6 MPH)
Bottom of the 3rd over - 0 runs, 1 hit, 0 errors, 1 left on base; Knoxville 1 - Truckee 0
TOP OF THE 4TH
Knoxville Smokies batting - Pitching for Truckee Scrappys : LHP Ron Gardner
Batting: LHB Tony Muser 0-0: Called Strike
0-1: Ball
1-1: Swinging Strike
1-2: Ground out 6-3 (Groundball, 6, EV 81.9 MPH)
Batting: SHB John Bryant 0-0: Ball
1-0: Foul Ball, location: 23F
1-1: Ball
2-1: Called Strike
2-2: Ball
3-2: DOUBLE (Line Drive, 78D, EV 110.0 MPH)
Batting: LHB Angus Canavan 0-0: Foul Ball, location: 7LDF
0-1: Ball
1-1: Fly out, F8 (Flyball, 8LD, EV 105.0 MPH)
Runner from 2nd tags up, SAFE at 3rd with throw by CF
Batting: RHB Ken Carey 0-0: Ball
1-0: Fly out, F8 (Flyball, 8RD, EV 107.5 MPH)
Top of the 4th over - 0 runs, 1 hit, 0 errors, 1 left on base; Knoxville 1 - Truckee 0
BOTTOM OF THE 4TH
Truckee Scrappys batting - Pitching for Knoxville Smokies : RHP Billy Burton
Batting: LHB Bryant Stanford 0-0: Foul Ball, location: 3FF
0-1: Swinging Strike
0-2: Strikes out swinging
Batting: RHB Lee Sharp 0-0: Called Strike
0-1: Ball
1-1: Ball
2-1: Ball
3-1: Called Strike
3-2: Base on Balls
Batting: SHB António Fernández 0-0: Ball
1-0: Ball
2-0: Called Strike
2-1: Foul Ball, location: 2F
2-2: Strikes out swinging
Batting: RHB Pete Moore 0-0: Ball
1-0: Foul Ball, location: 5F
1-1: Foul Ball, location: 23FF
1-2: Strikes out looking
Bottom of the 4th over - 0 runs, 0 hits, 0 errors, 1 left on base; Knoxville 1 - Truckee 0
TOP OF THE 5TH
Knoxville Smokies batting - Pitching for Truckee Scrappys : LHP Ron Gardner
Batting: RHB Dick Breakspear 0-0: Ball
1-0: Called Strike
1-1: Called Strike
1-2: SOLO HOME RUN (Flyball, 7LD, EV 95.6 MPH), Distance : 354 ft
Batting: RHB Andy Scrivener 0-0: Ball
1-0: Called Strike
1-1: SINGLE (Groundball, 6MD, EV 98.1 MPH)
Batting: RHB Cecil Olsen 0-0: Bunted foul
0-1: Sac Bunt to 13 - play at first, batter OUT! 1-3
Andy Scrivener to second
Batting: RHB Anastasio Lona 0-0: Called Strike
0-1: Ball
1-1: Called Strike
1-2: Fly out, F8 (Flyball, 8LD, EV 90.0 MPH)
Batting: RHB Felipe Garza 0-0: Fly out, F6 (Popup, 6M, EV 65.6 MPH)
Top of the 5th over - 1 run, 2 hits, 0 errors, 1 left on base; Knoxville 2 - Truckee 0
BOTTOM OF THE 5TH
Truckee Scrappys batting - Pitching for Knoxville Smokies : RHP Billy Burton
Batting: LHB Johnny Grubb 0-0: Called Strike
0-1: Called Strike
0-2: Ground out 4-3 (Groundball, 4, EV 103.1 MPH)
Batting: LHB Evan Miller 0-0: Ground out 6-3 (Groundball, 6M, EV 104.4 MPH)
Batting: LHB Sumitomo Okazaki 0-0: Ball
1-0: Ball
2-0: Foul Ball, location: 7LDF
2-1: Foul Ball, location: 9LDF
2-2: Ball
3-2: Fly out, F6 (Popup, 6M, EV 43.8 MPH)
Bottom of the 5th over - 0 runs, 0 hits, 0 errors, 0 left on base; Knoxville 2 - Truckee 0
TOP OF THE 6TH
Knoxville Smokies batting - Pitching for Truckee Scrappys : LHP Ron Gardner
Batting: LHB Tony Muser 0-0: Called Strike
0-1: Swinging Strike
0-2: Ball
1-2: Strikes out swinging
Pitching: RHP Juan Vega
Batting: SHB John Bryant 0-0: Called Strike
0-1: Foul Ball, location: 7LSF
0-2: Ball
1-2: Ball
2-2: Foul Ball, location: 25FF
2-2: Ball
3-2: Strikes out swinging
Batting: LHB Angus Canavan 0-0: Called Strike
0-1: Ball
1-1: Ground out 4-3 (Groundball, 4, EV 106.3 MPH)
Top of the 6th over - 0 runs, 0 hits, 0 errors, 0 left on base; Knoxville 2 - Truckee 0
BOTTOM OF THE 6TH
Truckee Scrappys batting - Pitching for Knoxville Smokies : RHP Billy Burton
Batting: SHB Theron Jones 0-0: Swinging Strike
0-1: Swinging Strike
0-2: Ball
1-2: Foul Ball, location: 7LMF
1-2: Foul Ball, location: 9LMF
1-2: Foul Ball, location: 7LMF
1-2: Ball
2-2: Foul Ball, location: 9LSF
2-2: Foul Ball, location: 23FF
2-2: Strikes out swinging
Batting: LHB Vincente Rodríguez 0-0: Ground out 4-3 (Groundball, 4S, EV 77.5 MPH)
Batting: LHB Bryant Stanford 0-0: Called Strike
0-1: Ball
1-1: Foul Ball, location: 3F
1-2: SINGLE (Line Drive, 7S, EV 96.9 MPH)
Batting: RHB Lee Sharp 0-0: Ball
1-0: Ball
2-0: Ball
3-0: Called Strike
3-1: Foul Ball, location: 9LMF
3-2: Strikes out swinging
Bottom of the 6th over - 0 runs, 1 hit, 0 errors, 1 left on base; Knoxville 2 - Truckee 0
TOP OF THE 7TH
Knoxville Smokies batting - Pitching for Truckee Scrappys : RHP Juan Vega
Batting: RHB Ken Carey 0-0: Called Strike
0-1: Ball
1-1: Foul Ball, location: 2F
1-2: Strikes out swinging
Batting: RHB Dick Breakspear 0-0: Ball
1-0: Ball
2-0: Called Strike
2-1: Ball
3-1: Base on Balls
Batting: RHB Andy Scrivener 0-0: Ball
1-0: Called Strike
1-1: Swinging Strike
1-2: Strikes out swinging
Batting: RHB Cecil Olsen 0-0: Ball
1-0: Ball
2-0: Swinging Strike
2-1: Called Strike
2-2: Ball
Wild Pitch!
Dick Breakspear to second
3-2: SINGLE (Groundball, 56S, EV 67.5 MPH)
Dick Breakspear to third
Runner from 3rd tries for Home, SAFE, throw by LF to home
Cecil Olsen to second
Batting: RHB Anastasio Lona 0-0: Called Strike
0-1: Swinging Strike
0-2: Ball
1-2: Ground out 4-3 (Groundball, 4, EV 91.3 MPH)
Top of the 7th over - 1 run, 1 hit, 0 errors, 1 left on base; Knoxville 3 - Truckee 0
BOTTOM OF THE 7TH
Truckee Scrappys batting - Pitching for Knoxville Smokies : RHP Billy Burton
Batting: SHB António Fernández 0-0: Ball
1-0: Ball
2-0: Ball
3-0: SINGLE (Groundball, 34D, EV 95.0 MPH)
Batting: RHB Pete Moore 0-0: Ball
1-0: Ball
2-0: Foul Ball, location: 7LMFF
2-1: Ball
3-1: Ball
António Fernández to second
Batting: LHB Johnny Grubb 0-0: Foul Ball, location: 2F
0-1: Foul Ball, location: 2RF
0-2: Ball
1-2: Ball
2-2: Strikes out looking
Batting: LHB Evan Miller 0-0: Ball
1-0: Called Strike
1-1: Foul Ball, location: 7LMF
1-2: Ball
2-2: Ball
3-2: Strikes out swinging
Batting: LHB Sumitomo Okazaki 0-0: Called Strike
0-1: Ball
1-1: Swinging Strike
1-2: Fly out, F3 (Popup, 3SF, EV 86.9 MPH)
Bottom of the 7th over - 0 runs, 1 hit, 0 errors, 2 left on base; Knoxville 3 - Truckee 0
TOP OF THE 8TH
Knoxville Smokies batting - Pitching for Truckee Scrappys : RHP Juan Vega
Batting: RHB Felipe Garza 0-0: Ball
1-0: Ball
2-0: Ball
3-0: Base on Balls
Batting: LHB Tony Muser 0-0: Called Strike
0-1: Single, Error in OF, E8, batter to second base (Line Drive, 4M, EV 98.1 MPH)
Felipe Garza to third
Batting: SHB John Bryant 0-0: Ball
1-0: Ball
2-0: Ball
3-0: Called Strike
3-1: Base on Balls
Batting: LHB Angus Canavan 0-0: Ball
1-0: Grounds into fielders choice 6-2 (Groundball, 6M, EV 81.9 MPH)
Tony Muser to third
John Bryant to second
Batting: RHB Ken Carey 0-0: SINGLE (Groundball, 6, EV 97.5 MPH)
Tony Muser scores
John Bryant to third
Angus Canavan to second
Batting: RHB Dick Breakspear 0-0: Ball
1-0: Called Strike
1-1: Grounds into double play, 3-6-3 (Groundball, 34, EV 87.5 MPH)
Top of the 8th over - 1 run, 2 hits, 1 error, 2 left on base; Knoxville 4 - Truckee 0
BOTTOM OF THE 8TH
Truckee Scrappys batting - Pitching for Knoxville Smokies : RHP Billy Burton
Batting: SHB Theron Jones 0-0: Ball
1-0: Called Strike
1-1: Ball
2-1: Ball
3-1: Called Strike
3-2: SINGLE (Line Drive, 8LS, EV 85.0 MPH)
Batting: LHB Vincente Rodríguez 0-0: Swinging Strike
0-1: Foul Ball, location: 2F
0-2: Ball
1-2: Foul Ball, location: 7LMF
1-2: Fielders Choice at 2nd, 5-4 (Groundball, 56, EV 100.6 MPH)
Batting: LHB Bryant Stanford 0-0: Called Strike
0-1: Foul Ball, location: 2F
0-2: Ball
1-2: Foul Ball, location: 2F
1-2: Ball
2-2: Foul Ball, location: 23F
2-2: Ball
3-2: Base on Balls
Vincente Rodríguez to second
Pitching: RHP Warren Hudson
Batting: RHB Lee Sharp 0-0: Ball
1-0: Ball
2-0: Foul Ball, location: 9LDF
2-1: Fielders Choice at 2nd, 4-6 (Groundball, 4MD, EV 95.6 MPH)
Vincente Rodríguez to third
Batting: SHB António Fernández 0-0: Foul Ball, location: 2F
0-1: Foul Ball, location: 2F
0-2: Ball
1-2: Ball
2-2: Fly out, F7 (Flyball, 7D, EV 110.0 MPH)
Bottom of the 8th over - 0 runs, 1 hit, 0 errors, 2 left on base; Knoxville 4 - Truckee 0
TOP OF THE 9TH
Knoxville Smokies batting - Pitching for Truckee Scrappys : RHP Juan Vega
Batting: RHB Andy Scrivener 0-0: Ball
1-0: Ball
2-0: Called Strike
2-1: Ball
3-1: Fly out, F9 (Flyball, 9D, EV 111.3 MPH)
Batting: RHB Cecil Olsen 0-0: Ball
1-0: Ball
2-0: Foul Ball, location: 7LMFF
2-1: Called Strike
2-2: SINGLE (Line Drive, 4MD, EV 100.0 MPH)
Pitching: LHP Gary Timberlake
Batting: RHB Anastasio Lona 0-0: Ball
1-0: Swinging Strike
1-1: Ball
2-1: Reached on error, E5 (Groundball, 56, EV 96.3 MPH)
Cecil Olsen to second
Batting: RHB Felipe Garza 0-0: Called Strike
Cecil Olsen steals 3rd base
0-1: Ball
1-1: Ball
2-1: Grounds into double play, 6-4-3 (Groundball, 6, EV 98.1 MPH)
Top of the 9th over - 0 runs, 1 hit, 1 error, 1 left on base; Knoxville 4 - Truckee 0
BOTTOM OF THE 9TH
Truckee Scrappys batting - Pitching for Knoxville Smokies : RHP Warren Hudson
Batting: RHB Pete Moore 0-0: Called Strike
0-1: SINGLE (Groundball, 6MD, EV 101.9 MPH)
Batting: LHB Johnny Grubb 0-0: Called Strike
0-1: Foul Ball, location: 2F
0-2: DOUBLE (Line Drive, 5D, EV 95.6 MPH)
Pete Moore to third
Batting: LHB Evan Miller 0-0: Ball
1-0: Ball
2-0: Ball
3-0: Called Strike
3-1: Fly out, F4 (Popup, 4MD, EV 73.1 MPH)
Batting: LHB Sumitomo Okazaki 0-0: Ball
Wild Pitch!
Pete Moore scores
Johnny Grubb to third
1-0: Ball
2-0: DOUBLE (Flyball, 78XD, EV 106.3 MPH)
Johnny Grubb scores
Batting: SHB Theron Jones 0-0: Called Strike
0-1: Ball
1-1: Foul Ball, location: 7LDF
1-2: Foul Ball, location: 7LSF
1-2: Strikes out looking
Batting: LHB Vincente Rodríguez 0-0: Called Strike
0-1: Called Strike
0-2: Foul Ball, location: 2F
0-2: Ball
1-2: Ball
2-2: Foul Ball, location: 2F
2-2: Ball
3-2: Base on Balls
Batting: LHB Bryant Stanford 0-0: Foul Ball, location: 3F
0-1: Foul Ball, location: 2F
0-2: Foul Ball, location: 2F
0-2: Ground out U3 (Groundball, 34S, EV 81.3 MPH)
Bottom of the 9th over - 2 runs, 3 hits, 0 errors, 2 left on base; Knoxville 4 - Truckee 2
Thursday, March 21st , 2024 - OOTP Baseball 24.8 Build 75